AoeStats
← Dr. Oranje

African Clearing

506905121Analyzed
3v3 RM · 16d ago on Sep 15, 2026· 32m 14s· 6 players
Game mode
Random Map
Map size
Normal (6 player)
Population
200
Speed
Normal
Resources
Standard
Victory
Conquest
Starting age
Dark Age
Ending age
Imperial Age
RankedLock teamsTeams togetherTeam positionsShared explorationLock speedFull tech treeHidden civsTurbo modeCheats
Victory
Defeat
🇩🇪 Huns · Germany
1231
+13
🇲🇹 Tatars · Malta
1214
+14
🇲🇹 Malians · Malta
1167
+16
🇳🇱 Lithuanians · Netherlands
1250
-18
🇳🇱 Mongols · Netherlands
1217
-16
🇳🇱 Japanese · Netherlands
1040
-9
Piet Hoane
8:46 Loom
12:25 Feudal Age
14:03 Double-Bit Axe
16:19 Castle Age
14:23 Fletching
16:04 Padded Archer Armor
18:24 Bodkin Arrow
24:33 Bow Saw
25:42 Bloodlines
25:51 Horse Collar
28:30 Town Watch
29:24 Ballistics
30:37 Wheelbarrow
31:19 Husbandry
Gerrit van Rivia
6:38 Loom
14:03 Feudal Age
19:49 Castle Age
18:14 Double-Bit Axe
18:32 Gold Mining
19:45 Scale Barding Armor
19:51 Forging
31:15 Chain Barding Armor
Dr. Oranje
4:59 Loom
15:26 Feudal Age
21:28 Double-Bit Axe
26:12 Bloodlines
31:05 Castle Age
Thekinghimself
13:31 Feudal Age
14:55 Double-Bit Axe
16:50 Forging
18:40 Loom
19:00 Fletching
19:11 Padded Archer Armor
21:25 Castle Age
21:06 Fletching
21:17 Padded Archer Armor
22:17 Gold Mining
24:28 Bloodlines
24:18 Husbandry
25:08 Gold Shaft Mining
25:17 Bodkin Arrow
29:42 Wheelbarrow
32:48 Ballistics
Koopa
9:04 Loom
13:18 Feudal Age
13:32 Loom
13:20 Man-at-Arms
13:49 Double-Bit Axe
14:19 Arson
15:36 Horse Collar
20:58 Castle Age
20:38 Fletching
21:11 Padded Archer Armor
21:02 Elite Skirmisher
22:43 Bow Saw
28:47 Wheelbarrow
28:04 Town Watch
29:48 Ballistics
31:19 Heavy Plow
31:57 Long Swordsman
Marcellus
6:21 Loom
13:36 Feudal Age
17:45 Castle Age
15:38 Double-Bit Axe
16:28 Fletching
16:51 Gold Mining
18:33 Bodkin Arrow
19:39 Padded Archer Armor
23:18 Bow Saw
26:32 Town Watch
27:25 Wheelbarrow
32:19 Ballistics
Connection lost

Rejoining the realm…

Still unreachable

The connection could not be restored.

Session expired

The server has moved on; the page needs a fresh start.